 Dungeon Crawl Stone Soup version 0.32-a0-913-g739538afd8 (webtiles) character file.

Game seed: 11641153140932126889

3237 shadizar the Thaumaturge (level 10, -8/70 HPs)
             Began as a Djinni Air Elementalist on Apr 7, 2024.
             Was a Priest of Makhleb.
             Mangled by a blink frog (13 damage)
             ... on level 1 of the Lair of Beasts.
             The game lasted 00:10:51 (7838 turns).

shadizar the Thaumaturge (Djinni Air Elementalist)  Turns: 7838, Time: 00:10:51

Health: -8/70      AC:  5    Str:  7    XL:     10   Next: 18%
Gold:   453        EV: 17    Int: 21    God:    Makhleb [***...] SH:  6 Dex: 14

rFire   + + .        (no weapon)
rCold   x . .        h - +1 buckler
rNeg    . . .        l - +0 steam dragon scales
rPois   ∞            (no helmet)
rElec   .            (no cloak)
rCorr   .            (no gloves)
SInv    .            (boots unavailable)
Will    +....        (no amulet)
Stlth   ++           t - +5 ring of evasion
HPRegen 0.31/turn    (no ring)

%: infuse magic (-9 HP)
@: flying
A: sickness immunity, fire resistance 2, cold vulnerability 1, float, innate
caster, HP casting, extra vitality 1
a: Renounce Religion, Minor Destruction, Lesser Servant of Makhleb


You were on level 1 of the Lair of Beasts.
You worshipped Makhleb.
Makhleb was most pleased with you.
You visited 3 branches of the dungeon, and saw 10 of its levels.

You collected 453 gold pieces.

Inventory:

Armour
 a - a +0 robe
 g - a +1 ring mail of fire resistance
 h - a +1 buckler (worn)
 l - +0 steam dragon scales (worn)
Jewellery
 t - a +5 ring of evasion (left hand)
Wands
 f - a wand of iceblast (2)
 k - a wand of mindburst (20)
 m - a wand of quicksilver (5)
 s - a wand of polymorph (12)
Scrolls
 c - 5 scrolls of teleportation
 d - 4 scrolls of identify
 e - a scroll of enchant weapon
 j - a scroll of vulnerability {unknown}
 p - a scroll of enchant armour
Potions
 b - 2 potions of attraction
 i - a potion of might
 n - 4 potions of curing
 o - 2 potions of mutation
 q - 2 potions of berserk rage
 u - a potion of lignification


   Skills:
 + Level 5.0 Fighting
 - Level 3.6 Armour
 + Level 5.1 Dodging
 + Level 3.4 Stealth
 - Level 4.0 Shields
 + Level 8.3 Spellcasting
 + Level 8.3 Conjurations
 + Level 8.3 Hexes
   Level 0.0 Charms
 + Level 8.3 Summonings
 + Level 8.3 Necromancy
 + Level 8.3 Translocations
   Level 0.0 Transmutations
 + Level 8.3 Fire Magic
 + Level 8.3 Ice Magic
 + Level 8.3 Air Magic
 + Level 8.3 Earth Magic
 + Level 8.3 Alchemy


You knew the following spells:

 Your Spells              Type           Power      Damage    Failure   Level
a - Shock                 Conj/Air       100%       1d9       1%          1
b - Static Discharge      Conj/Air       88%        3-7/arc   1%          2
c - Swiftness             Air            44%        N/A       1%          3
d - Airstrike             Air            22%        2d(4-20)  3%          4
e - Sting                 Conj/Alch      100%       1d9       1%          1
f - Scorch                Fire           88%        2d8       1%          2
g - Vampiric Draining     Necr           44%        2d9       1%          3
h - Passwall              Erth           44%        N/A       1%          3
Your spell library was empty.

Dungeon Overview and Level Annotations

Branches:
Dungeon (8/15)             Temple (1/1) D:4            Lair (1/5) D:8

Altars:
Ashenzari
Cheibriados
Dithmenos
Fedhas
Gozag
Hepliaklqana
Makhleb
Nemelex Xobeh
Okawaru
Qazlal
Ru
Trog
Uskayaw
Wu Jian
Xom
Yredelemnul
The Shining One

Shops:
D:2 ?   D:3 ?

Annotations:
D:5 3 runed translucent doors, makewrite's ghost, amateur TrBe
D:7 2 transporters, BorgnjorsVileCrotch's ghost, novice FeSh
Temple 2 transporters


Innate Abilities, Weirdness & Mutations

You are immune to sickness and miasma.
You are immune to poison.
Your flesh is very heat resistant. (rF++)
You are vulnerable to cold. (rC-)
You float through the air rather than walking.
You learn spells naturally, not from books.
Your magical power is your life essence.
You have superior vitality. (+4 MHP)


Message History

Unknown command.
Unknown command.
Casting: Static Discharge (safe; 1% risk of failure)
Confirm with . or Enter, or press ? or * to list all spells.
The blink frog is struck by an arc of lightning!
The blink frog is heavily wounded.
The blink frog is struck by an arc of lightning.
The blink frog is heavily wounded.
The cane toad is struck by an arc of lightning.
The cane toad is lightly wounded.
The blink frog is struck by an arc of lightning.
The blink frog is severely wounded.
The lightning grounds out.
You block the blink frog's attack.
The blink frog blinks!
Unknown command.
Unknown command.
Unknown command.
Unknown command.
Unknown command.
Casting: Static Discharge (safe; 1% risk of failure)
Confirm with . or Enter, or press ? or * to list all spells.
The blink frog is struck by an arc of lightning.
The blink frog is heavily wounded.
Something is struck by an arc of lightning.
The blink frog is struck by an arc of lightning.
The blink frog is severely wounded.
You are struck by an arc of lightning.
* * * LOW HITPOINT WARNING * * *
The lightning grounds out.
* * * LOW HITPOINT WARNING * * *
A komodo dragon comes into view.
The blink frog blinks!
Unknown command.
Unknown command.
Unknown command.
Unknown command.
The blink frog hits you!
* * * LOW HITPOINT WARNING * * *
The blink frog hits you!
You die...

.#P.
.... #
.....#
#.. .
#...###
#.#..##
#....#
#@F.#
##F.#
.SF#
....#
..†..#
.......
....#..
.....#.


You could see a cane toad, 2 blink frogs and a water moccasin.

Vanquished Creatures
  Psyche (D:8)
  A blink frog (Lair:1)
  2 steam dragons (D:8)
  3 water moccasins
  3 ice beasts
  3 black bears
  A sky beast (D:8)
  An ogre (D:5)
  A centaur (D:5)
  3 phantoms
  A kobold brigand (D:7)
  4 scorpions
  A bullfrog (D:7)
  A howler monkey (D:6)
  3 orc priests (D:6)
  A hound (D:5)
  3 jellies
  3 gnoll boudas (D:8)
  3 sleepcaps
  An orc wizard (D:8)
  15 gnolls
  7 adders
  A shadow imp (D:5)
  2 white imps
  4 ufetubi (D:6)
  2 dart slugs
  5 ribbon worms
  23 orcs
  4 endoplasms
  3 giant cockroaches
  7 goblins
  7 hobgoblins
  12 jackals
  6 quokkas
  9 ball pythons
  6 bats
  A frilled lizard (D:1)
  15 kobolds
  5 rats
174 creatures vanquished.

Notes
Turn   | Place    | Note
-------+----------+-------------------------------------------
     0 | D:1      | shadizar the Djinni Air Elementalist began the quest for
                  | the Orb.
     0 | D:1      | shadizar set off with the following spells memorised:
                  | Shock, Static Discharge, Swiftness, Airstrike.
     0 | D:1      | Reached XP level 1. HP: 15/15 MP: 0/0
   151 | D:1      | Reached XP level 2. HP: 10/21 MP: 0/0
   510 | D:1      | Reached XP level 3. HP: 23/25 MP: 0/0
   510 | D:1      | Learned a level 1 spell: Sting
  1007 | D:2      | Reached XP level 4. HP: 29/31 MP: 0/0
  1337 | D:2      | Found Apsek's Magic Scroll Boutique.
  1350 | D:2      | Found a bloodstained altar of Trog.
  1922 | D:3      | Found Daops's Magic Scroll Shoppe.
  2267 | D:3      | Reached XP level 5. HP: 33/35 MP: 0/0
  2267 | D:3      | Learned a level 2 spell: Scorch
  2513 | D:4      | Found a staircase to the Ecumenical Temple.
  2524 | Temple   | Found a transporter.
  2524 | Temple   | Found a transporter.
  2524 | Temple   | Found a transporter.
  2524 | Temple   | Found a transporter.
  2524 | Temple   | Entered the Ecumenical Temple
  2541 | Temple   | Became a worshipper of Makhleb the Destroyer
  2560 | D:4      | Reached skill level 5 in Spellcasting
  2560 | D:4      | Reached skill level 5 in Conjurations
  2560 | D:4      | Reached skill level 5 in Hexes
  2560 | D:4      | Reached skill level 5 in Summonings
  2560 | D:4      | Reached skill level 5 in Necromancy
  2560 | D:4      | Reached skill level 5 in Translocations
  2560 | D:4      | Reached skill level 5 in Fire Magic
  2560 | D:4      | Reached skill level 5 in Ice Magic
  2560 | D:4      | Reached skill level 5 in Air Magic
  2560 | D:4      | Reached skill level 5 in Earth Magic
  2560 | D:4      | Reached skill level 5 in Alchemy
  2677 | D:4      | Reached XP level 6. HP: 34/40 MP: 0/0
  3013 | D:5      | Entered Level 5 of the Dungeon
  3060 | D:5      | Noticed makewrite's ghost (amateur TrBe)
  3188 | D:5      | Noticed an ogre
  3197 | D:5      | Killed an ogre
  3198 | D:5      | Reached XP level 7. HP: 39/45 MP: 0/0
  3198 | D:5      | Learned a level 3 spell: Vampiric Draining
  3268 | D:5      | Reached * piety under Makhleb
  3601 | D:5      | Found a runed translucent gate.
  3601 | D:5      | Found a runed translucent gate.
  3601 | D:5      | Found a runed translucent gate.
  3628 | D:5      | Reached skill level 1 in Shields
  4003 | D:5      | Reached XP level 8. HP: 43/51 MP: 0/0
  4193 | D:6      | Reached skill level 1 in Fighting
  4529 | D:6      | Reached ** piety under Makhleb
  5186 | D:7      | Found a transporter.
  5193 | D:7      | Reached XP level 9. HP: 51/59 MP: 0/0
  5193 | D:7      | Learned a level 3 spell: Passwall
  5231 | D:7      | Reached skill level 1 in Armour
  5374 | D:7      | Noticed BorgnjorsVileCrotch's ghost (novice FeSh)
  5380 | D:7      | Noticed a cyclops
  5871 | D:7      | Found a transporter.
  6402 | D:8      | Found a snail-covered altar of Cheibriados.
  6842 | D:8      | Found a staircase to the Lair.
  7059 | D:8      | Noticed Psyche
  7064 | D:8      | Killed Psyche
  7200 | D:8      | Reached *** piety under Makhleb
  7201 | D:8      | Reached XP level 10. HP: 64/69 MP: 0/0
  7826 | Lair:1   | Entered Level 1 of the Lair of Beasts
  7829 | Lair:1   | Noticed a cane toad
  7832 | Lair:1   | Reached skill level 5 in Fighting
  7832 | Lair:1   | Reached skill level 5 in Dodging
  7837 | Lair:1   | Noticed a komodo dragon
  7838 | Lair:1   | Mangled by a blink frog

Illustrated notes

Levels and vault maps discovered:
D:1:      dpeg_arrival_brainrot, layout_basic, minmay_hexomino_p4
D:2:      layout_loops_cross, basic_altar, serial_shops, shop,
          minmay_gold_behind_fungi
D:3:      layout_basic, serial_shops, shop
D:4:      layout_cave_pools, minmay_temple_entry_waves
D:5:      layout_loops_ring, gammafunk_ghost_icy, minmay_checkerbox
D:6:      layout_basic
D:7:      layout_basic, nzn_ghost_randoct, kennysheep_generic_room_8
D:8:      layout_basic, overflow_temple_1_default, lair_entry_dummy,
          kennysheep_crisscross, uniq_psyche
Temple:   hellmonk_temple_divided_pantheon
Lair:1:   layout_concentric_octagons, grunt_megastairs_2, uniq_sonja,
          uniq_fannar

Skill      XL: |  1  2  3  4  5  6  7  8  9 10 |
---------------+-------------------------------+-----
Spellcasting   | 4 5 6 7 8 |  8.3
Conjurations   | 4 5 6 7 8 |  8.3
Hexes          | 4 5 6 7 8 |  8.3
Summonings     | 4 5 6 7 8 |  8.3
Necromancy     | 4 5 6 7 8 |  8.3
Translocations | 4 5 6 7 8 |  8.3
Fire Magic     | 4 5 6 7 8 |  8.3
Ice Magic      | 4 5 6 7 8 |  8.3
Air Magic      | 4 5 6 7 8 |  8.3
Earth Magic    | 4 5 6 7 8 |  8.3
Alchemy        | 4 5 6 7 8 |  8.3
Shields        | 1 3 4 |  4.0
Fighting       | 2 4 5 |  5.0
Armour         | 3 |  3.6
Dodging        | 4 5 |  5.1
Stealth        | 2 3 |  3.4

Action                     |  1- 3 |  4- 6 |  7- 9 | 10-12 || total
---------------------------+-------+-------+-------+-------++-------
  Melee: Unarmed           |    10 |       |       |       ||    10
         Punch             |     1 |       |       |       ||     1
   Cast: Shock             |    66 |   104 |   107 |     4 ||   281
         Static Discharge  |       |     2 |    17 |     6 ||    25
         Scorch            |       |     1 |    12 |       ||    13
         Airstrike         |       |       |    72 |    10 ||    82
    Use: Scroll            |       |       |    14 |       ||    14
 Armour: Robe              |     5 |    11 |    38 |       ||    54
         Ring mail         |       |       |     9 |       ||     9
         Steam dragon scal |       |       |       |     9 ||     9
  Dodge: Dodged            |     5 |     3 |    24 |     2 ||    34
  Block: Buckler           |       |     1 |     9 |     1 ||    11

Table legend: (Time is in decaauts)
 A = Elapsed time spent in this place.
 B = Non-inter-level travel time spent in this place.
 C = Inter-level travel time spent in this place.
 D = Time resting spent in this place.
 E = Time spent auto-exploring this place.
 F = Levels seen in this place.
 G = Mean time per level.
                   A        B        C        D        E       F      G
               +--------+--------+--------+--------+--------+-----+--------+
         Total |   7840 |   7524 |    316 |      0 |   6387 |  10 |  784.0 |
       Dungeon |   7798 |   7483 |    315 |      0 |   6387 |   8 |  974.8 |
        Temple |     30 |     30 |      0 |      0 |      0 |   1 |   30.0 |
          Lair |     11 |     11 |      0 |      0 |      0 |   1 |   11.0 |
               +--------+--------+--------+--------+--------+-----+--------+

Top non-repeatable levels by time:
     D:7: 1369 daAuts
     D:8: 1284 daAuts
     D:5: 1195 daAuts
     D:1: 936 daAuts
     D:6: 839 daAuts
     D:3: 760 daAuts
     D:4: 710 daAuts
     D:2: 702 daAuts
  Temple: 30 daAuts
  Lair:1: 11 daAuts
